 Dungeon Crawl Stone Soup version 0.20-a0-984-ge8aa303 (webtiles) character file.

324 qqqbard the Covered (level 6, -1/38 HPs)
             Began as a Gargoyle Fighter on Apr 10, 2017.
             Was an Initiate of the Shining One.
             Slain by SamTheNyx's ghost (9 damage)
             ... on level 4 of the Dungeon.
             The game lasted 00:05:19 (2371 turns).

qqqbard the Covered (Gargoyle Fighter)              Turns: 2371, Time: 00:05:19

Health: -1/38      AC: 18    Str: 22    XL:     6   Next: 48%
Magic:  7/7        EV:  6    Int:  8    God:    the Shining One [......]
Gold:   211        SH:  9    Dex:  9    Spells: 5/5 levels left

rFire    . . .     SeeInvis .   C - +0 mace (crush)
rCold    . . .     Gourm    .   c - +0 shield
rNeg     + . .     Faith    .   h - +0 chain mail
rPois    ∞         Spirit   .   s - +0 helmet
rElec    +         Reflect  .   (no cloak)
rCorr    +         Harm     .   w - +2 pair of gloves
MR       .....                  (no boots)
Stlth    ..........             (no amulet)
Regen    0.2/turn               e - ring of stealth
MPRegen  0.1/turn               r - ring of resist corrosion

@: glowing
A: negative energy resistance 1, electricity resistance, unbreathing,
petrification resistance, rot immunity, AC +4
a: Renounce Religion


You were on level 4 of the Dungeon.
You worshipped the Shining One.
The Shining One was noncommittal.
You were not hungry.

You visited 1 branch of the dungeon, and saw 4 of its levels.

You collected 211 gold pieces.

Inventory:

Hand Weapons
 C - a +0 mace of crushing (weapon)
Armour
 b - a +0 scale mail
 c - a +0 shield (worn)
 h - a +0 chain mail (worn)
 s - a +0 helmet (worn)
 w - a +2 pair of gloves (worn)
Jewellery
 a - the amulet of the Snail {Harm *Drain Str+4, unknown}
   (You found it on level 4 of the Dungeon)

   [amulet of harm]

   It increases damage dealt and taken.
   It affects your strength (+4).
   It causes draining when unequipped.
 e - a ring of stealth (left hand)
 n - an uncursed ring of fire
 r - a ring of resist corrosion (right hand)
Wands
 q - a wand of digging (10/24)
Scrolls
 g - 5 scrolls of remove curse {unknown}
 i - 3 scrolls of enchant armour {unknown}
 j - a scroll of amnesia {unknown}
 k - a scroll of identify
 x - 2 scrolls of teleportation {unknown}
 y - a scroll of recharging {unknown}
 A - 2 scrolls of magic mapping {unknown}
 G - a scroll of random uselessness {unknown}
Potions
 d - 2 potions of might
 m - a potion of degeneration {unknown}
 o - 2 potions of heal wounds {unknown}
 p - a potion of magic {unknown}
 t - 2 potions of lignification {unknown}
 u - a potion of cancellation {unknown}
 z - 2 potions of curing {unknown}
 E - a potion of flight {unknown}
 F - a potion of haste {unknown}
Comestibles
 f - 4 bread rations
 l - 2 meat rations
 v - 3 fruits
 B - 2 royal jellies
 D - 4 chunks of flesh


   Skills:
 + Level 4.1 Fighting
 * Level 4.1 Maces & Flails
 + Level 4.3 Armour
 + Level 1.4 Dodging
 + Level 4.1 Shields
 + Level 1.9 Invocations


You had 5 spell levels left.
You didn't know any spells.

Dungeon Overview and Level Annotations

Branches:
Dungeon (4/15)             Temple (0/1) D:4

Altars:
Okawaru
Qazlal
Trog
Uskayaw
Wu Jian
Yredelemnul
The Shining One

Annotations:
D:4 Edmund; SamTheNyx's ghost, novice MiBe


Innate Abilities, Weirdness & Mutations

You are resistant to torment.
Your stone body is resilient. (AC +4)
You are immune to poison.
You resist negative energy. (rN+)
You are resistant to electric shocks. (rElec)
You can survive without breathing.
You are immune to petrification.
You are immune to rotting.


Message History

SamTheNyx's ghost hits you but does no damage.
You hit SamTheNyx's ghost but do no damage.
SamTheNyx's ghost is severely damaged.
You block SamTheNyx's ghost's attack.
You hit SamTheNyx's ghost but do no damage.
SamTheNyx's ghost is severely damaged.
SamTheNyx's ghost barely misses you.
SamTheNyx's ghost hits you but does no damage.
You hit SamTheNyx's ghost.
SamTheNyx's ghost is severely damaged.
SamTheNyx's ghost hits you but does no damage.
You sock SamTheNyx's ghost!
SamTheNyx's ghost is almost destroyed.
SamTheNyx's ghost hits you.
* * * LOW HITPOINT WARNING * * *
SamTheNyx's ghost hits you but does no damage.
You hit SamTheNyx's ghost but do no damage.
SamTheNyx's ghost is almost destroyed.
SamTheNyx's ghost hits you!
You die...

......################.#
#.# ##...P# ... #.# #.#
#....# .. .#.# #.#
#...P# #
#.######..#.#####.#
##.###
##)#.........#.......#
#.#
..#...........##.#######
#.# ..............)#.#
#.# #######..#######.#
... .......@W@......#
... .......##########
### ########


You could see Edmund and SamTheNyx's ghost.

Vanquished Creatures
  An ogre (D:4)
  A scorpion (D:3)
  A hound (D:4)
  An orc wizard (D:4)
  A worker ant (D:4)
  An adder (D:4)
  3 oozes
  An adder skeleton (D:4)
  A worm (D:2)
  A dart slug (D:2)
  3 leopard geckos
  2 orcs (D:4)
  3 ball pythons
  10 bats
  3 giant cockroaches
  7 goblins
  7 hobgoblins
  3 jackals (D:1)
  10 kobolds
  A quokka (D:2)
  3 frilled lizards
  10 rats
74 creatures vanquished.

Notes
Turn   | Place    | Note
-------+----------+-------------------------------------------
     0 | D:1      | qqqbard the Gargoyle Fighter began the quest for the Orb.
     0 | D:1      | Reached XP level 1. HP: 14/14 MP: 1/1
   147 | D:1      | Reached XP level 2. HP: 19/19 MP: 2/2
   263 | D:1      | Reached XP level 3. HP: 22/23 MP: 3/3
   820 | D:2      | Found an iron altar of Okawaru.
   945 | D:2      | Reached XP level 4. HP: 28/28 MP: 4/4
  1088 | D:2      | Found a basalt altar of Yredelemnul.
  1089 | D:2      | Found a stormy altar of Qazlal.
  1199 | D:2      | Found a glowing golden altar of the Shining One.
  1236 | D:2      | Became a worshipper of the Shining One
  1337 | D:2      | Found an ornate altar of the Wu Jian Council.
  1641 | D:3      | Found a hide-covered altar of Uskayaw.
  1758 | D:3      | Reached skill level 1 in Dodging
  1758 | D:3      | Reached XP level 5. HP: 31/33 MP: 5/5
  1930 | D:3      | Found a bloodstained altar of Trog.
  2035 | D:4      | Noticed an ogre
  2048 | D:4      | Killed an ogre
  2048 | D:4      | Reached skill level 1 in Invocations
  2048 | D:4      | Reached XP level 6. HP: 17/38 MP: 5/7
  2163 | D:4      | Got a scorched copper amulet
  2166 | D:4      | Found a staircase to the Ecumenical Temple.
  2325 | D:4      | Noticed SamTheNyx's ghost (novice MiBe)
  2327 | D:4      | Noticed Edmund
  2371 | D:4      | Slain by SamTheNyx's ghost

Vault maps used:
D:1:      dpeg_arrival_water_fire
D:2:      nicolae_tso_carved_into_rock, gammafunk_temple_overflow_statue,
          overflow_temple_1_default, okawaru_trees_1, minmay_misc_feat_columns
D:3:      lemuel_doored_altar, eat_drink_and_be_merry_uskayaw, first_bread
D:4:      minmay_temple_entry_statues_fountains, minmay_misc_feat_encased,
          sigmund_edmund_badplayer

Skill      XL: |  1  2  3  4  5  6 |
---------------+-------------------+-----
Maces & Flails | 3 4 |  4.1
Dodging        | 1 |  1.4
Armour         | 4 |  4.3
Shields        | 4 |  4.1
Invocations    | 1 |  1.9
Fighting       | 4 |  4.1

Action                   |  1- 3 |  4- 6 || total
-------------------------+-------+-------++-------
Melee: Flail             |   130 |    63 ||   193
       Mace              |       |   123 ||   123
  Use: Scroll            |       |     4 ||     4
  Eat: Chunk             |       |     5 ||     5
Armor: Scale mail        |    76 |    54 ||   130
       Chain mail        |       |    47 ||    47
Dodge: Dodged            |    44 |    40 ||    84
Block: Shield            |    79 |    92 ||   171
